 Dungeon Crawl Stone Soup version 0.27-a0-1548-gf8a67e7463 (webtiles) character file.

Game seed: 7237097131742848870

56 Demosthentine the Poker (level 3, -5/28 HPs)
             Began as a Merfolk Gladiator on July 14, 2021.
             Slain by an iguana (7 damage)
             ... on level 2 of the Dungeon.
             The game lasted 00:01:11 (2135 turns).

Demosthentine the Poker (Merfolk Gladiator)         Turns: 2135, Time: 00:01:12

Health: -5/28      AC:  4    Str: 15    XL:     3   Next: 95%
Magic:  3/3        EV: 13    Int:  7    God:
Gold:   124        SH:  0    Dex: 15    Spells: 2/2 levels left

rFire    . . .     SeeInvis .   a - +0 trident
rCold    . . .     Faith    .   (no shield)
rNeg     . . .     Spirit   .   b - +0 leather armour
rPois    .         Reflect  .   c - +0 helmet
rElec    .         Harm     .   (no cloak)
rCorr    .         Rampage  .   (no gloves)
Will     .....                  (no boots)
Stlth    +.........             (no amulet)
HPRegen  0.09/turn              (no ring)
MPRegen  0.08/turn              (no ring)

@: no status effects
A: (nimble swimmer 2), mertail
a: no special abilities


You were on level 2 of the Dungeon.
You visited 1 branch of the dungeon, and saw 2 of its levels.

You collected 124 gold pieces.

Inventory:

Hand Weapons
 a - a +0 trident (weapon)
Missiles
 d - 3 throwing nets (quivered)
 k - 4 curare-tipped darts
Armour
 b - a +0 leather armour (worn)
 c - a +0 helmet (worn)
Jewellery
 g - an amulet of the acrobat
Scrolls
 f - 2 scrolls of identify {unknown}
 i - a scroll of enchant armour {unknown}
 l - a scroll of acquirement {unknown}
Potions
 e - 3 potions of flight {unknown}
 h - a potion of curing {unknown}
 j - a potion of brilliance {unknown}


   Skills:
 + Level 2.9 Fighting
 + Level 5.1 Polearms
 - Level 2.0 Throwing
 + Level 1.0 Armour
 + Level 4.6 Dodging


You had 2 spell levels left.
You didn't know any spells.
Your spell library contained the following spells:

 Spells                   Type           Power      Damage    Failure   Level
 Summon Forest            Summ/Tloc      0%         N/A       100%        5
 Summon Mana Viper        Hex/Summ       0%         N/A       100%        5
 Shadow Creatures         Summ           N/A        N/A       100%        6


Dungeon Overview and Level Annotations

Branches:
Dungeon (2/15)

Altars:


Innate Abilities, Weirdness & Mutations

((You are quick and stealthy near water. (Stealth+, EV+, Speed+++)))
Your lower body shifts to a powerful aquatic tail in water.


Message History

No target in view!
No target in view!
Your legs become a tail as you enter the water.
Your legs become a tail as you enter the water.
An iguana is nearby!
The iguana hisses angrily.
An iguana is nearby!
An iguana is nearby!
An iguana is nearby!
An iguana is nearby!
You reach to attack!
You puncture the iguana!
The iguana is heavily wounded.
An iguana is nearby!
You barely miss the iguana.
The iguana is heavily wounded.
An iguana is nearby!
You closely miss the iguana.
The iguana is heavily wounded.
The iguana bites you.
You barely miss the iguana.
The iguana is heavily wounded.
The iguana bites you!
You are too injured to fight recklessly!
An iguana is nearby!
You are too injured to fight recklessly!
An iguana is nearby!
You are too injured to fight recklessly!
An iguana is nearby!
You are too injured to fight recklessly!
You barely miss the iguana.
The iguana is heavily wounded.
The iguana misses you.
You hit the iguana.
The iguana is severely wounded.
The iguana bites you!
* * * LOW HITPOINT WARNING * * *
You hit the iguana.
The iguana is almost dead.
The iguana bites you!
You die...

≈≈≈≈P≈...###.# #.#.# #.#
P≈≈≈≈≈..###..# #.#.####.#
≈≈≈PP...###P≈# #.#...##.#########
≈≈≈≈≈....♣≈≈≈###.###.#...........
≈≈≈PP...#.≈♣≈.##.#......########.
≈≈≈≈....##≈≈≈###.#####.#########.
P≈≈P≈P...(.......................
≈P≈≈≈≈...#######.#####.#..###.##.
≈≈≈P≈....# #@##♣♣P≈≈≈≈♣≈#.##.
P≈≈≈≈≈...# ###♣l♣≈♣♣≈≈≈♣P♣♣≈≈≈≈.
≈≈≈≈P≈...####≈♣♣≈♣P≈≈P≈P≈PP≈♣≈♣≈♣
.........##.≈♣♣≈P≈≈≈≈≈≈≈≈≈≈≈≈≈≈P≈
#...##.....l≈≈≈≈♣≈P≈≈≈≈≈≈≈≈≈≈≈P≈P
#...#######♣≈≈≈≈≈♣≈≈≈≈≈≈≈≈≈≈≈≈≈≈≈
..........♣≈P≈♣≈≈≈≈≈≈≈≈≈≈≈≈≈≈≈≈≈≈
....#####.≈P≈≈P≈P≈≈≈≈≈≈≈≈≈≈≈≈≈≈≈≈
##..### #.≈♣≈≈≈≈≈≈≈≈≈≈≈≈≈≈≈≈≈≈≈≈P


You could see an iguana.

Vanquished Creatures
  An adder (D:2)
  4 bats
  3 endoplasms
  2 giant cockroaches (D:1)
  4 goblins
  6 hobgoblins
  7 jackals
  2 quokkas
  3 ball pythons
  3 frilled lizards
  4 kobolds (D:1)
  A rat (D:1)
40 creatures vanquished.

Vanquished Creatures (others)
  30 plants (D:2)
30 creatures vanquished.

Grand Total: 70 creatures vanquished

Notes
Turn   | Place    | Note
-------+----------+-------------------------------------------
     0 | D:1      | Demosthentine the Merfolk Gladiator began the quest for the
                  | Orb.
     0 | D:1      | Reached XP level 1. HP: 16/16 MP: 1/1
    32 | D:1      | Reached XP level 2. HP: 23/23 MP: 2/2
   530 | D:1      | Reached XP level 3. HP: 17/28 MP: 3/3
   664 | D:1      | Found a faded altar of an unknown god.
  1135 | D:2      | Reached skill level 5 in Polearms
  1267 | D:2      | Reached skill level 1 in Armour
  2135 | D:2      | Slain by an iguana

Illustrated notes

Levels and vault maps discovered:
D:1:      ebering_trefoil_3fold, layout_rooms,
          hellmonk_ecumenical_altar_heavens_door
D:2:      layout_basic, serial_bayou, serial_bayou_lake_a,
          serial_bayou_lagoon_a, serial_bayou_pond_d, serial_bayou_shore_a,
          serial_bayou_pond_d

Skill      XL: |  1  2  3 |
---------------+----------+-----
Polearms       | 5 |  5.1
Armour         | 1 |  1.0
Fighting       | |  2.9
Throwing       | |  2.0
Dodging        | |  4.6

Action                   || total
-------------------------++-------
Melee: Trident           ||   141
       Tailslap          ||     1
 Stab: Sleeping          ||     2
Armor: Leather armour    ||    18
Dodge: Dodged            ||    81

Table legend: (Time is in decaauts)
 A = Elapsed time spent in this place.
 B = Non-inter-level travel time spent in this place.
 C = Inter-level travel time spent in this place.
 D = Time resting spent in this place.
 E = Time spent auto-exploring this place.
 F = Levels seen in this place.
 G = Mean time per level.
                   A        B        C        D        E       F      G
               +--------+--------+--------+--------+--------+-----+--------+
         Total |   2099 |   2091 |      8 |      9 |   1762 |   2 | 1049.5 |
       Dungeon |   2099 |   2091 |      8 |      9 |   1762 |   2 | 1049.5 |
               +--------+--------+--------+--------+--------+-----+--------+

Top non-repeatable levels by time:
     D:1: 1127 daAuts
     D:2: 971 daAuts
